 Dungeon Crawl Stone Soup version 0.17.0-56-gd8de76c (webtiles) character file.

74 plasmid the Digger (level 4, 0/33 HPs)
             Began as a Draconian Earth Elementalist on Dec 4, 2015.
             Succumbed to Sigmund's poison
             ... on level 2 of the Dungeon.
             The game lasted 00:16:27 (1462 turns).

plasmid the Digger (Draconian Earth Elementalist)   Turns: 1462, Time: 00:16:27

Health: 0/33       AC:  7    Str: 11    XL:     4   Next: 9%
Magic:  7/7        EV: 12    Int: 16    God:
Gold:   196        SH:  0    Dex: 11    Spells: 1 memorised, 6 levels left

rFire  . . .     SeeInvis .     a - 37 stones
rCold  . . .     Clarity  +     (armour unavailable)
rNeg   . . .     SustAt   .     (no shield)
rPois  .         Gourm    .     (helmet restricted)
rElec  .         Spirit   .     (no cloak)
rCorr  .         Warding  .     (no gloves)
rMut   .         Stasis   .     i - +1 pair of boots
MR     .....                    (no amulet)
Stlth  ++........               (no ring)
                                (no ring)

@: lethally poisoned (0 -> -5), not resistant to hostile enchantments,
unstealthy
A: unfitting armour, clarity, cold-blooded, AC +5
a: no special abilities


You were on level 2 of the Dungeon.
You were full.

You visited 1 branch of the dungeon, and saw 2 of its levels.

You collected 196 gold pieces.

Inventory:

Hand Weapons
 e - a cursed -2 dagger
 l - a +0 club
 o - a +0 trident
 q - a +0 hand axe
 r - a +0 short sword
Missiles
 a - 37 stones (in hand)
 m - 14 sling bullets
 n - 16 steel sling bullets
Armour
 i - a +1 pair of boots (worn)
 j - a +0 pair of boots
Scrolls
 f - 2 scrolls of identify
 g - 2 scrolls of remove curse
Books
 b - a book of Geomancy

   Spells                             Type                      Level
   a - Sandblast                      Earth                        1
   b - Stoneskin                      Transmutation/Earth          2
   c - Passwall                       Transmutation/Earth          3
   d - Stone Arrow                    Conjuration/Earth            3
   e - Petrify                        Transmutation/Earth          4
   f - Lee's Rapid Deconstruction     Earth                        5


   Skills:
 - Level 1.7 Dodging
 - Level 1.7 Stealth
 - Level 2.0 Spellcasting
   Level 1.0 Transmutations
 * Level 4.9 Earth Magic


You had 6 spell levels left.
You knew the following spells:

 Your Spells              Type           Power        Failure   Level  Hunger
a - Sandblast             Erth           ###...       3%          1    #......


Dungeon Overview and Level Annotations

Branches:
Dungeon (2/15)

Altars:

Annotations:
D:2 Sigmund


Innate Abilities, Weirdness & Mutations

Your plain brown scales are hard (AC +5).
Your body does not fit into most forms of armour.
You are cold-blooded and may be slowed by cold attacks.
You possess an exceptional clarity of mind.


Message History

* * * LOW HITPOINT WARNING * * *
You feel sick.
A magic dart appears from out of thin air!
The magic dart hits your butterfly.
Your butterfly dies!
You hear a zap.
Your butterfly resists with significant effort.
* * * LOW HITPOINT WARNING * * *
You feel sick.
You hear a zap.
Your butterfly appears confused.
Eat which item? (? for menu, Esc to quit)
* * * LOW HITPOINT WARNING * * *
You feel sick.
You hear a zap.
That beef jerky was delicious!
Eat which item? (? for menu, Esc to quit)
Something completely misses your butterfly.
You continue eating.
You die...

##.###.####.##
#......# #.# #..#####
#<# #..# #.# #..# #.#
#..# ##.##
#..#######...#
#........[.b{########
#.....####...b.b@...#
#.###.#####.#########
..# #... ...#
#.###.#.....#
#.....#.##.## #
###.###.##.# #. #.#
.##.# #. #.# ...# ##
#.# #..#


There were no monsters in sight!

Vanquished Creatures
  Terence (D:2)
  2 adders
  2 oozes (D:1)
  A giant gecko (D:1)
  A giant cockroach (D:1)
  A goblin (D:2)
  6 hobgoblins
  A kobold (D:2)
  2 quokkas (D:2)
  A bat (D:1)
  3 rats (D:1)
21 creatures vanquished.

Notes
Turn   | Place    | Note
--------------------------------------------------------------
     0 | D:1      | plasmid the Draconian Earth Elementalist began the quest for the Orb.
     0 | D:1      | Reached XP level 1. HP: 14/14 MP: 3/3
   400 | D:1      | Reached XP level 2. HP: 20/20 MP: 0/5
   832 | D:2      | Noticed Terence
   845 | D:1      | Reached skill level 4 in Earth Magic
   845 | D:1      | Reached XP level 3. HP: 5/26 MP: 0/6
   859 | D:1      | HP: 1/26 [poisoned by an adder]
  1216 | D:2      | Killed Terence
  1216 | D:2      | Reached XP level 4. HP: 11/33 MP: 0/7
  1408 | D:2      | Noticed Sigmund
  1449 | D:2      | Gained mutation: You possess an exceptional clarity of mind. [potion of beneficial mutation]
  1459 | D:2      | HP: 1/33 [poisoned by Sigmund]
  1462 | D:2      | Succumbed to Sigmund's poison

Action                   |  1- 3 |  4- 6 || total
-------------------------+-------+-------++-------
Throw: Stone             |     1 |       ||     1
 Cast: Sandblast         |    40 |     3 ||    43
  Use: Scroll            |     7 |     1 ||     8
       Potion            |       |     2 ||     2
  Eat: Chunk             |     2 |       ||     2
       Bread ration      |       |     1 ||     1
       Beef jerky        |       |     1 ||     1
